 Dungeon Crawl Stone Soup version 0.31.0-32-g396128a36d (webtiles) character file.

Game seed: 8821089371016593827

2851 NotreDorf the Spear-Bearer (level 9, -19/70 HPs)
             Began as a Merfolk Gladiator on Apr 6, 2024.
             Demolished by a boulder beetle (22 damage)
             ... on level 7 of the Dungeon.
             The game lasted 00:23:39 (5325 turns).

NotreDorf the Spear-Bearer (Merfolk Gladiator)      Turns: 5325, Time: 00:23:39

Health: -19/70     AC:  9    Str: 14    XL:     9   Next: 74%
Magic:  7/15       EV: 17    Int:  9    God:
Gold:   368        SH:  0    Dex: 18    Spells: 5/16 levels left

rFire   . . .        q - +1 halberd (vamp)
rCold   + . .        (shield currently unavailable)
rNeg    . . .        C - +2 robe {rC+}
rPois   +            c - +0 helmet
rElec   .            k - +1 cloak
rCorr   .            h - +0 pair of gloves
SInv    .            g - +0 pair of boots
Will    +....        f - amulet of regeneration
Stlth   +++          p - ring of willpower
HPRegen 1.11/turn    w - ring of poison resistance
MPRegen 0.14/turn

%: no passive effects
@: very slightly contaminated
A: (nimble swimmer 2), mertail
a: no special abilities


You were on level 7 of the Dungeon.
You visited 1 branch of the dungeon, and saw 7 of its levels.

You collected 368 gold pieces.

Inventory:

Hand Weapons
 a - a +1 trident
 q - a +1 vampiric halberd (weapon)
Missiles
 d - 3 throwing nets
 n - 58 stones
Armour
 c - a +0 helmet (worn)
 g - a +0 pair of boots (worn)
 h - a +0 pair of gloves (worn)
 k - a +1 cloak (worn)
 C - a +2 robe of cold resistance (worn)
Magical Staves
 b - a staff of air
Jewellery
 f - an amulet of regeneration (around neck)
 m - a +6 ring of intelligence
 p - a ring of willpower (left hand)
 u - an amulet of guardian spirit
 w - a ring of poison resistance (right hand)
Wands
 B - a wand of digging (6)
Scrolls
 i - 7 scrolls of teleportation
 r - a scroll of silence
 y - a scroll of amnesia
 D - a scroll of blinking
Potions
 j - a potion of haste
 l - a potion of resistance
 o - 4 potions of heal wounds
 s - 4 potions of brilliance
 t - a potion of invisibility
 v - 3 potions of might
 x - 2 potions of curing {unknown}
 z - a potion of attraction {unknown}
 A - 4 potions of mutation


   Skills:
 + Level 6.3 Fighting
 + Level 8.3 Polearms
 - Level 2.2 Throwing
 + Level 8.1 Dodging
 + Level 6.3 Stealth
 + Level 4.4 Spellcasting
 + Level 3.9 Air Magic


You had 5 spell levels left.
You knew the following spells:

 Your Spells              Type           Power      Damage    Failure   Level
a - Shock                 Conj/Air       20%        1d4       12%         1
b - Swiftness             Air            9%         N/A       16%         3
c - Mephitic Cloud        Conj/Alch/Air  4%         N/A       41%         3
d - Airstrike             Air            4%         2d(1-17)  45%         4

Your spell library contained the following spells:

 Spells                   Type           Power      Damage    Failure   Level
 Mercury Vapours          Alch/Air       10%        N/A       17%         2
 Foxfire                  Conj/Fire      8%         2x1d4     26%         1
 Call Imp                 Summ           4%         N/A       36%         2
 Ensorcelled Hibernation  Hex/Ice        4%         N/A       36%         2
 Lesser Beckoning         Tloc           4%         N/A       36%         2
 Sublimation of Blood     Necr           2%         N/A       36%         2
 Fugue of the Fallen      Necr           2%         N/A       61%         3
 Gell's Gravitas          Tloc           2%         N/A       61%         3
 Teleport Other           Tloc           2%         N/A       61%         3
 Anguish                  Hex/Necr       1%         N/A       95%         4
 Freezing Cloud           Conj/Ice/Air   2%         6-21      99%         5
 Plasma Beam              Fire/Air       2%         2x1d12    100%        6
 Starburst                Conj/Fire      1%         6d3       100%        6
 Summon Hydra             Summ           1%         N/A       100%        7


Dungeon Overview and Level Annotations

Branches:
Dungeon (7/15)
 Temple: D:4-7

Altars:
Hepliaklqana
Sif Muna
Xom

Shops:
D:1 :

Annotations:
D:2 1 runed translucent door, Crazy Yiuf


Innate Abilities, Weirdness & Mutations

((You are very nimble when in or above water. (Stealth+, EV+, Speed+++)))
Your lower body shifts to a powerful aquatic tail in water.


Message History

Aiming: Shock (safe; 12% risk of failure)
Press: ? - help, Shift-Dir - straight line, f/p - boulder beetle
Aim: a boulder beetle (heavily wounded, 100% to hit)
The zap hits the boulder beetle but does no damage.
The boulder beetle is heavily wounded.
Casting: Shock (safe; 12% risk of failure)
Confirm with . or Enter, or press ? or * to list all spells.
Aiming: Airstrike (quite dangerous; 45% risk of failure)
Press: ? - help, Dir - move target, f/p - boulder beetle
Aim: a boulder beetle (heavily wounded, empty space bonus: 7/8)
The air twists around and strikes the boulder beetle.
The boulder beetle is heavily wounded.
The boulder beetle curls into a ball and begins rolling!
Casting: Airstrike (quite dangerous; 45% risk of failure)
Confirm with . or Enter, or press ? or * to list all spells.
Aiming: Airstrike (quite dangerous; 45% risk of failure)
Press: ? - help, Dir - move target, f/p - boulder beetle
Aim: a boulder beetle (heavily wounded, rolling, empty space bonus: 7/8)
You miscast Airstrike.
You are very lightly contaminated with residual magic.
Nothing appears to happen.
You hit the boulder beetle.
You feel better.
The boulder beetle is heavily wounded.
The boulder beetle hits you!!
* * * LOW HITPOINT WARNING * * *
The boulder beetle stops rolling and uncurls.
You feel much better. The boulder beetle closely misses you.
You hit the boulder beetle.
You feel better.
The boulder beetle is heavily wounded.
The boulder beetle bites you.
You hit the boulder beetle but do no damage.
The boulder beetle is heavily wounded.
The boulder beetle bites you!!
* * * LOW HITPOINT WARNING * * *
You barely miss the boulder beetle.
The boulder beetle is heavily wounded.
The boulder beetle bites you!!
* * * LOW HITPOINT WARNING * * *
The boulder beetle bites you!!
You die...

...###..)....#
#### ###...#.## #
# #...#..###.##
### #...##......#
..# #...##..#.....
#.######...#...#
...#
#..........°°..##
.##
............###B##
#
....)........###@#
..######...#..####
..# #...##.... ###
#..^#..# # #.....#
#....###.
###.......# ###
#.........#
..####.##.##(..#


You could see a boulder beetle.

Vanquished Creatures
  Pikel (D:5)
  Joseph (D:7)
  Grinder (D:5)
  A wyvern (D:7)
  A black bear (D:4)
  An orc warrior (D:6)
  3 sky beasts
  An ogre (D:6)
  A phantom (D:5)
  A lemure (D:5)
  A gnoll sergeant (D:6)
  3 scorpions
  A howler monkey (D:4)
  2 bombardier beetles (D:6)
  A jelly (D:5)
  4 orc priests
  A hound (D:6)
  Natasha (thrice) (D:4)
  4 iguanas
  3 orc wizards
  Robin (D:3)
  7 gnolls
  8 adders
  A shadow imp (D:5)
  A white imp (D:6)
  2 dart slugs
  4 ribbon worms
  35 orcs
  6 endoplasms
  4 giant cockroaches
  11 goblins
  12 hobgoblins
  7 jackals
  7 quokkas
  10 ball pythons
  8 bats
  2 frilled lizards
  5 kobolds
  6 rats
172 creatures vanquished.

Notes
Turn   | Place    | Note
-------+----------+-------------------------------------------
     0 | D:1      | NotreDorf the Merfolk Gladiator began the quest for the
                  | Orb.
     0 | D:1      | Reached XP level 1. HP: 16/16 MP: 1/1
    68 | D:1      | Reached XP level 2. HP: 23/23 MP: 2/2
   262 | D:1      | Found Bodil's Book Shop.
   405 | D:1      | Reached skill level 1 in Stealth
   803 | D:1      | Reached XP level 3. HP: 28/28 MP: 3/3
  1017 | D:2      | Found a shimmering altar of Xom.
  1194 | D:2      | Found a runed translucent door.
  1195 | D:2      | Noticed Crazy Yiuf
  1215 | D:2      | Found a shimmering blue altar of Sif Muna.
  1941 | D:2      | Learned a level 1 spell: Shock
  1971 | D:3      | Reached XP level 4. HP: 34/34 MP: 4/4
  2223 | D:3      | Reached skill level 1 in Spellcasting
  2292 | D:3      | Noticed Robin
  2307 | D:3      | Killed Robin
  2308 | D:3      | Reached XP level 5. HP: 37/41 MP: 6/6
  2342 | D:3      | Reached skill level 5 in Polearms
  2585 | D:4      | Noticed a black bear
  2596 | D:4      | Killed a black bear
  2597 | D:4      | Reached skill level 5 in Dodging
  2597 | D:4      | Reached skill level 1 in Air Magic
  2597 | D:4      | Reached XP level 6. HP: 47/47 MP: 8/8
  2597 | D:4      | Noticed Natasha
  2657 | D:4      | Killed Natasha
  2817 | D:4      | Noticed Natasha
  2824 | D:4      | Killed Natasha
  2868 | D:4      | Reached XP level 7. HP: 54/54 MP: 10/10
  2899 | D:4      | Noticed Natasha
  2905 | D:4      | Killed Natasha
  2910 | D:4      | Learned a level 3 spell: Swiftness
  2914 | D:4      | Learned a level 3 spell: Mephitic Cloud
  3059 | D:5      | Entered Level 5 of the Dungeon
  3177 | D:5      | Noticed Pikel
  3251 | D:5      | Killed Pikel
  3252 | D:5      | Reached XP level 8. HP: 33/61 MP: 10/12
  3377 | D:5      | Found a hazy altar of Hepliaklqana.
  3502 | D:5      | Noticed Grinder
  3520 | D:5      | Reached skill level 5 in Fighting
  3528 | D:5      | Killed Grinder
  3529 | D:5      | Reached skill level 5 in Stealth
  4229 | D:6      | Reached XP level 9. HP: 68/68 MP: 14/14
  5002 | D:7      | Learned a level 4 spell: Airstrike
  5040 | D:7      | Noticed Joseph
  5058 | D:7      | Killed Joseph
  5266 | D:7      | Noticed a boulder beetle
  5325 | D:7      | HP: 3/70 [boulder beetle (18)]
  5325 | D:7      | Demolished by a boulder beetle

Illustrated notes

Levels and vault maps discovered:
D:1:      lemuel_arrival_room, layout_basic, serial_shops, shop,
          minmay_misc_feat_rugged
D:2:      wad_woods_stonehenge, layout_basic, basic_altar, minmay_statues_item,
          uniq_crazy_yiuf_cottage
D:3:      minmay_spotlight, layout_basic, uniq_robin
D:4:      layout_rooms, uniq_natasha
D:5:      layout_loops_ring, mainiacjoe_overflow_alcove_4, minmay_hedge_maze,
          hangedman_abyss_or_decor_stagger, uniq_grinder, uniq_pikel
D:6:      layout_gridville, minmay_strange_pillars
D:7:      layout_loops_cross, minmay_temple_entry_proselytizer,
          mrwooster_statue_mirror, kb_rosetta, uniq_joseph

Skill      XL: |  1  2  3  4  5  6  7  8  9 |
---------------+----------------------------+-----
Stealth        | 1 2 3 4 5 6 |  6.3
Fighting       | 3 4 5 6 |  6.3
Spellcasting   | 1 2 3 4 |  4.4
Polearms       | 5 6 7 8 |  8.3
Dodging        | 5 6 7 8 |  8.1
Air Magic      | 1 2 3 |  3.9
Throwing       | |  2.2

Action                     |  1- 3 |  4- 6 |  7- 9 || total
---------------------------+-------+-------+-------++-------
  Melee: Trident           |   175 |   141 |       ||   316
         Halberd           |       |    36 |   332 ||   368
  Throw: Throwing net      |       |     2 |       ||     2
   Cast: Shock             |       |       |    11 ||    11
         Airstrike         |       |       |     1 ||     1
    Use: Scroll            |     8 |     2 |     8 ||    18
         Potion            |       |       |     2 ||     2
   Stab: Sleeping          |     9 |     2 |     8 ||    19
         Distracted        |       |     1 |     1 ||     2
 Armour: Leather armour    |    86 |    72 |   114 ||   272
         Robe              |       |       |   112 ||   112
  Dodge: Dodged            |    92 |   120 |   247 ||   459
